 Dungeon Crawl Stone Soup version 0.31-a0-325-g067879e3d3 (webtiles) character file.

Game seed: 13331181242082018430

338 Dittersdorf the Trooper (level 6, -5/40 HPs)
             Began as a Gargoyle Fighter on July 18, 2023.
             Slain by Edmund
             ... wielding a +2 dire flail of protection
              (9 damage)
             ... on level 5 of the Dungeon.
             The game lasted 00:05:59 (3405 turns).

Dittersdorf the Trooper (Gargoyle Fighter)          Turns: 3405, Time: 00:05:59

Health: -5/40      AC: 18    Str: 22    XL:     6   Next: 55%
Magic:  6/6        EV:  8    Int:  8    God:
Gold:   270        SH:  4    Dex:  9    Spells: 5/5 levels left

rFire   . . .        a - +1 flail
rCold   . . .        c - +0 buckler
rNeg    + . .        p - +1 chain mail
rPois   ∞            q - +2 hat
rElec   +            (no cloak)
rCorr   +            r - +0 pair of gloves
SInv    .            (no boots)
Will    .....        (no amulet) Stlth
                     b - ring of resist corrosion
HPRegen 0.26/turn    (no ring)
MPRegen 0.10/turn

%: no passive effects
@: no status effects
A: sickness immunity, AC +4, negative energy resistance 1, electricity
resistance, torment resistance 1, petrification resistance
a: no special abilities


You were on level 5 of the Dungeon.
You visited 1 branch of the dungeon, and saw 5 of its levels.
You also visited: Sewer.

You collected 270 gold pieces.

Inventory:

Hand Weapons
 a - a +1 flail (weapon)
Armour
 c - a +0 buckler (worn)
 m - a +0 helmet
 p - a +1 chain mail (worn)
 q - a +2 hat (worn)
 r - a +0 pair of gloves (worn)
Jewellery
 b - a ring of resist corrosion (left hand)
Wands
 e - a wand of roots (5)
Scrolls
 i - a scroll of poison
 j - 3 scrolls of enchant weapon
 k - a scroll of fog
 w - a scroll of teleportation
Potions
 d - a potion of might
 f - 2 potions of mutation
 g - a potion of attraction {unknown}
 h - a potion of enlightenment {unknown}
 n - a potion of resistance
 o - a potion of curing
 s - a potion of haste
 t - a potion of brilliance {unknown}
 u - a potion of degeneration {unknown}


   Skills:
 + Level 4.8 Fighting
 + Level 3.7 Maces & Flails
 + Level 4.8 Armour
 + Level 4.8 Shields


You had 5 spell levels left.
You didn't know any spells.
Your spell library contained the following spells:

 Spells                   Type           Power      Damage    Failure   Level
 Magic Dart               Conj           0%         1d3       97%         1
 Call Imp                 Summ           0%         N/A       99%         2
 Call Canine Familiar     Summ           0%         N/A       100%        3
 Mephitic Cloud           Conj/Pois/Air  0%         N/A       100%        3
 Portal Projectile        Hex/Tloc       0%         N/A       100%        3
 Leda's Liquefaction      Hex/Erth       0%         N/A       100%        4
 Petrify                  Tmut/Erth      0%         N/A       100%        4
 Irradiate                Conj/Tmut      0%         3d11      100%        5
 Sublimation of Blood     Necr           Unusable   N/A       N/A         2

Dungeon Overview and Level Annotations

Branches:
Dungeon (5/15)              Sewer (visited)
 Temple: D:4-7

Altars:
Elyvilon

Shops:
D:2 =

Annotations:
D:5 Edmund, Sigmund


Innate Abilities, Weirdness & Mutations

You are immune to sickness and miasma.
Your stone body is resilient. (AC +4)
You are immune to poison.
You resist negative energy. (rN+)
You are resistant to electric shocks. (rElec)
You are resistant to unholy torment.
You are immune to petrification.


Message History

Throw: 2 darts (poison)
Press: ? - help, Q - select action, (/) - cycle Shift-Dir - straight line, f/p - Edmund
Aim: Edmund, wielding a +2 dire flail of protection and wearing a +0 scale mail (lightly wounded, 56% to hit)
You throw a poisoned dart. The poisoned dart hits Edmund.
Edmund is poisoned.
Edmund is lightly wounded.
Edmund hits you with a +2 dire flail of protection!
Sigmund the Dreaded comes into view.
He is wielding a +0 scythe.
Throw: dart (poison)
Press: ? - help, Q - select action, (/) - cycle Shift-Dir - straight line, f/p - Edmund
Aim: Edmund, wielding a +2 dire flail of protection and wearing a +0 scale mail (lightly wounded, poisoned, 56% to hit)
You throw a poisoned dart. The poisoned dart hits Edmund.
Edmund looks even sicker.
Edmund is lightly wounded.
Sigmund shouts!
Sigmund casts a spell.
Sigmund flickers and vanishes!
Deactivating autopickup; reactivate with Ctrl-A.
Edmund hits you but does no damage.
You barely miss Edmund.
Edmund is moderately wounded.
You block Edmund's attack.
You barely miss Edmund.
Edmund is moderately wounded.
Edmund closely misses you.
Edmund hits you with a +2 dire flail of protection!
You hit Edmund.
Edmund is moderately wounded.
Edmund hits you with a +2 dire flail of protection.
* * * LOW HITPOINT WARNING * * *
You completely miss Edmund.
Edmund is heavily wounded.
Edmund hits you with a +2 dire flail of protection!
* * * LOW HITPOINT WARNING * * *
You thump Edmund!
Edmund is severely wounded.
You block Edmund's attack. Edmund attacks as you move away!
Edmund hits you but does no damage. Edmund attacks as you move away!
Edmund hits you with a +2 dire flail of protection!
You die...

..... ...
.({ #.#
#(#
#####.# #
#..h..#
#.##@####
#...@...#
####.##[#
#.<# #
#..# #..#
#.)# #..#
#..# #..#


You could see Edmund (poisoned) and a hound.

Vanquished Creatures
  An orc priest (D:3)
  An orc wizard (D:4)
  A hell rat (Sewer)
  9 adders (D:4)
  7 river rats
  3 worms
  A dart slug (D:2)
  13 orcs
  5 endoplasms
  4 giant cockroaches (D:1)
  8 goblins
  3 hobgoblins
  4 jackals (D:1)
  7 kobolds
  3 quokkas (D:1)
  8 ball pythons
  7 bats
  4 frilled lizards
  15 rats
104 creatures vanquished.

Notes
Turn   | Place    | Note
-------+----------+-------------------------------------------
     0 | D:1      | Dittersdorf the Gargoyle Fighter began the quest for the
                  | Orb.
     0 | D:1      | Reached XP level 1. HP: 14/14 MP: 1/1
    95 | D:1      | Reached XP level 2. HP: 19/19 MP: 2/2
   392 | D:1      | Reached XP level 3. HP: 23/23 MP: 3/3
   805 | D:2      | Found Beistrum's Jewellery Shoppe.
  1413 | D:3      | Found a white marble altar of Elyvilon.
  1655 | D:3      | Reached XP level 4. HP: 29/29 MP: 4/4
  1797 | D:3      | Found a faded altar of an unknown god.
  2092 | D:3      | Reached XP level 5. HP: 11/33 MP: 5/5
  2984 | D:4      | Reached XP level 6. HP: 31/39 MP: 6/6
  3016 | D:4      | Found a glowing drain.
  3020 | Sewer    | Entered a sewer
  3378 | D:5      | Entered Level 5 of the Dungeon
  3384 | D:5      | Noticed Edmund
  3385 | D:5      | Noticed an ice beast
  3394 | D:5      | Noticed Sigmund
  3399 | D:5      | HP: 2/40 [Edmund/+2 dire flail of protection (8)]
  3405 | D:5      | Slain by Edmund

Illustrated notes

Levels and vault maps discovered:
D:1:      beargit_arrival_greenhouse, layout_loops_ring, minmay_split_cup_small
D:2:      layout_basic, serial_shops, nicolae_shop_pleasant_corner_grove
D:3:      layout_basic, amcnicky_altar_gilded, chequers_ecumenical_altar_simple,
          minmay_quantized
D:4:      layout_gridville, lightli_sewer_entry_pipes
D:5:      layout_basic, uniq_edmund, uniq_sigmund, uniq_ijyb

Skill      XL: |  1  2  3  4 |
---------------+-------------+-----
Fighting       | 4 |  4.8
Armour         | 4 |  4.8
Shields        | 4 |  4.8
Maces & Flails | 3 |  3.7

Action                     |  1- 3 |  4- 6 || total
---------------------------+-------+-------++-------
  Melee: Flail             |   122 |   256 ||   378
  Throw: Dart              |       |    10 ||    10
    Use: Scroll            |       |    15 ||    15
 Armour: Scale mail        |    66 |       ||    66
         Chain mail        |     9 |   179 ||   188
  Dodge: Dodged            |    69 |   105 ||   174
  Block: Buckler           |    31 |    58 ||    89

Table legend: (Time is in decaauts)
 A = Elapsed time spent in this place.
 B = Non-inter-level travel time spent in this place.
 C = Inter-level travel time spent in this place.
 D = Time resting spent in this place.
 E = Time spent auto-exploring this place.
 F = Levels seen in this place.
 G = Mean time per level.
                   A        B        C        D        E       F      G
               +--------+--------+--------+--------+--------+-----+--------+
         Total |   3555 |   3357 |    198 |    113 |   1992 |   6 |  592.5 |
       Dungeon |   3393 |   3195 |    198 |    113 |   1905 |   5 |  678.6 |
         Sewer |    162 |    162 |      0 |      0 |     86 |   1 |  162.0 |
               +--------+--------+--------+--------+--------+-----+--------+

Top non-repeatable levels by time:
     D:3: 1014 daAuts
     D:4: 878 daAuts
     D:1: 748 daAuts
     D:2: 723 daAuts
   Sewer: 162 daAuts
     D:5: 28 daAuts
